AoeStats
← 明

Arena

510112824Analyzed
1v1 RM · 2d ago on Sep 29, 2026· 53m 41s· 2 players
Game mode
Random Map
Map size
Tiny (2 player)
Population
200
Speed
Normal
Resources
Standard
Victory
Conquest
Starting age
Dark Age
Ending age
Imperial Age
RankedLock teamsTeams togetherTeam positionsShared explorationLock speedFull tech treeHidden civsTurbo modeCheats
Victory
Defeat
🇨🇳 Spanish · China
747
+25
🇲🇽 Danes · Mexico
804
-19
明
5:54 Loom
10:23 Feudal Age
12:17 Double-Bit Axe
19:50 Castle Age
18:17 Gold Mining
18:37 Horse Collar
19:09 Stone Mining
20:51 Padded Archer Armor
21:42 Bow Saw
27:43 Heavy Plow
30:09 Leather Archer Armor
37:17 Ballistics
41:09 Imperial Age
39:16 Wheelbarrow
38:27 Town Watch
40:06 Stone Shaft Mining
39:57 Scale Barding Armor
40:52 Hand Cart
41:25 Chain Barding Armor
41:16 Forging
41:51 Elite Conquistador
43:07 Ring Archer Armor
42:54 Herbal Medicine
43:33 Conscription
43:32 Town Patrol
44:52 Two-Man Saw
47:11 Chemistry
46:51 Hoardings
47:51 Plate Barding Armor
47:51 Iron Casting
46:40 Cavalier
47:23 Husbandry
47:35 Bloodlines
48:55 Paladin
52:09 Blast Furnace
53:08 Masonry
Kcire_zr
11:26 Feudal Age
15:23 Castle Age
13:41 Horse Collar
14:24 Double-Bit Axe
15:42 Loom
19:01 Arson
20:40 Bloodlines
21:24 Squires
21:10 Gambesons
22:23 Husbandry
22:27 Gold Mining
25:41 Stone Mining
25:32 Pikeman
26:25 Fletching
27:14 Heavy Plow
27:27 Bow Saw
32:27 Gold Shaft Mining
34:31 Wheelbarrow
34:26 Scale Mail Armor
37:29 Imperial Age
40:09 Elite Varangian Guard
42:13 Chemistry
41:42 Conscription
43:43 Hamask
45:39 Chain Mail Armor
47:44 Stone Shaft Mining
47:57 Capped Ram
49:20 Siege Engineers
50:07 Elite Jomsviking
51:45 Scale Barding Armor
52:11 Heavy Scorpion
Connection lost

Rejoining the realm…

Still unreachable

The connection could not be restored.

Session expired

The server has moved on; the page needs a fresh start.